 Dungeon Crawl Stone Soup version 0.23.2-30-g0e89c35649 (webtiles) character file.

Game seed: 5381059673862075961

25 gingangooley the Stinger (level 2, -7/12 HPs)
             Began as a Felid Venom Mage on June 17, 2019.
             Killed by nerve-wracking pain
             ... invoked by Jessica
              (8 damage)
             ... on level 2 of the Dungeon.
             The game lasted 00:02:57 (716 turns).

gingangooley the Stinger (Felid Venom Mage)          Turns: 716, Time: 00:02:58

Health: -7/12      AC:  1    Str:  4    XL:     2   Next: 82%
Magic:  1/6        EV: 18    Int: 16    God:
Gold:   70         SH:  0    Dex: 16    Spells: 2/5 levels left
                                        Lives:  0   Deaths: 0

rFire    . . .     SeeInvis +   (weapon unavailable)
rCold    . . .     Gourm    .   (shield unavailable)
rNeg     . . .     Faith    .   (armour unavailable)
rPois    .         Spirit   .   (helmet unavailable)
rElec    .         Reflect  .   (cloak unavailable)
rCorr    .         Harm     .   (gloves unavailable)
MR       .....                  (boots unavailable)
Stlth    +++.......             (no amulet)
HPRegen  0.04/turn              g - ring of wizardry
MPRegen  0.10/turn              (no ring)

@: quick
A: very small, no armour, no weapons or thrown items, stealth, claws 1, fangs 3,
see invisible, carnivore, speed 1, shaggy fur 1, slow metabolism 1, sharp paws
a: no special abilities


You were on level 2 of the Dungeon.
You were very full.

You visited 1 branch of the dungeon, and saw 2 of its levels.

You collected 70 gold pieces.

Inventory:

Jewellery
 g - a ring of wizardry (left paw)
 h - an uncursed ring of fire {unknown}
Scrolls
 a - 2 scrolls of fear {unknown}
 c - 2 scrolls of teleportation {unknown}
 d - a scroll of enchant armour {unknown}
 e - a scroll of enchant weapon {unknown}
Comestibles
 b - 5 rations
 f - 5 chunks of flesh


   Skills:
 * Level 1.1 Fighting
 - Level 2.6 Dodging
 - Level 2.7 Stealth
 * Level 0.5 Unarmed Combat
 + Level 2.1 Spellcasting
 + Level 0.9 Conjurations
 + Level 3.1 Poison Magic


You had 2 spell levels left.
You knew the following spells:

 Your Spells              Type           Power        Failure   Level  Hunger
a - Sting                 Conj/Pois      #...         3%          1    #......
b - Poisonous Vapours     Pois/Air       #.....       6%          2    ###....

Your spell library contained the following spells:

 Spells                   Type           Power        Failure   Level  Hunger
 Mephitic Cloud           Conj/Pois/Air  #.......     14%         3    ###....
 Olgreb's Toxic Radiance  Pois           ##......     22%         4    #####..
 Venom Bolt               Conj/Pois      #.........   65%         5    ######.


Dungeon Overview and Level Annotations

Branches:
Dungeon (2/15)

Altars:
Nemelex Xobeh

Annotations:
D:1 exclusion: downstairs
D:2 Jessica


Innate Abilities, Weirdness & Mutations

You cannot wear armour.
You are incapable of wielding weapons or throwing items.
Your paws allow you to move quietly. (Stealth)
You have sharp claws.
You have razor-sharp teeth.
You have supernaturally acute eyesight. (SInv)
You are carnivorous and can eat meat at any time.
You cover ground quickly.
You are covered in fur. (AC +1)
You have a slow metabolism.
Your sharp claws are effective at attacking unaware monsters.


Message History

Press: ? - help, Dir - move target cursor, f - Jessica
Aim: Jessica, wielding a +0 club, wearing a +0 robe and carrying a wand of digging (3) (hasn't noticed you) Poisonous vapours surround Jessica!
Jessica shouts!
Casting: Poisonous Vapours (safe; 6% risk of failure)
Confirm with . or Enter, or press ? or * to list all spells.
Aiming: Poisonous Vapours (safe; 6% risk of failure)
Press: ? - help, Dir - move target cursor, f/p - Jessica
Aim: Jessica, wielding a +0 club, wearing a +0 robe and carrying a wand of digging (3) Poisonous vapours surround Jessica!
Jessica is engulfed in poison gas.
Jessica is poisoned.
Jessica gestures at you while chanting. Pain shoots through your body!
Ouch! That really hurt!
* * * LOW HITPOINT WARNING * * *
You aren't carrying any potions.
Jessica points at you and mumbles some strange words.
Pain shoots through your body!
Ouch! That really hurt!
You die...

#### w..# ##.##
##...##
####.....###
..........?#
####.....#.#####.#
#.............@).#
#.####.###@#####.#
#. #.# #.# #.# #.#
#........ #.# #.#
>........ #.#
##.#.####....#
##.# #..#! ###.#
##..# #.## #
#####...###.#
#...........#


You could see Jessica.

Vanquished Creatures
  An adder (D:2)
  2 dart slugs
  2 goblins (D:1)
  3 hobgoblins
  A kobold (D:1)
  A bat (D:1)
  A frilled lizard (D:1)
  A rat (D:1)
12 creatures vanquished.

Notes
Turn   | Place    | Note
-------+----------+-------------------------------------------
     0 | D:1      | gingangooley the Felid Venom Mage began the quest for the
                  | Orb.
     0 | D:1      | Reached XP level 1. HP: 7/7 MP: 4/4
   162 | D:1      | You fall through a shaft!
   221 | D:1      | Reached XP level 2. HP: 12/12 MP: 0/6
   225 | D:1      | Learned a level 2 spell: Poisonous Vapours
   248 | D:1      | Reached skill level 3 in Poison Magic
   255 | D:1      | Found a sparkling altar of Nemelex Xobeh.
   533 | D:2      | Reached skill level 1 in Fighting
   710 | D:2      | Noticed Jessica
   716 | D:2      | Killed from afar by Jessica

Skill      XL: |  1  2 |
---------------+-------+-----
Poison Magic   | 3 |  3.1
Fighting       | 1 |  1.1
Dodging        | |  2.6
Stealth        | |  2.7
Unarmed Combat | |  0.5
Spellcasting   | |  2.1
Conjurations   | |  0.9

Action                   || total
-------------------------++-------
Melee: Unarmed           ||    11
       Bite              ||     1
 Cast: Sting             ||     8
       Poisonous Vapours ||     9
  Eat: Chunk             ||     7
Dodge: Dodged            ||    11
